[Event "Titled Tuesday Blitz February 21 Late 2023"]
[White "Womacka, Mathias"]
[Black "mohsengabr2002"]
[WhiteFideId "4611390"]
[WhiteElo "2396"]
[BlackElo "2349"]
[Result "0-1"]
[Round "02"]
[TimeControl "180+2"]
[Date "2023.02.21"]
[WhiteClock "0:00:02"]
[BlackClock "0:01:00"]

1. e4 g6 2. d4 d6 3. Nc3 Bg7 4. f4 f6 5. Nf3 Nh6 6. Bd3 Nf7 7. O-O e6 8. f5 gxf5 9. exf5 e5 10. Qe1 c6 11. Qg3 O-O 12. dxe5 dxe5 13. Be3 Kh8 14. Rad1 Qe7 15. Ne4 Rg8 16. Qh3 Nd7 17. Nh4 Bh6 18. Bxh6 Nxh6 19. Ng6+ hxg6 20. Qxh6+ Qh7 21. Qxh7+ Kxh7 22. fxg6+ Kg7 23. Ng3 Nc5 24. Nh5+ Kh6 25. Nxf6 Rg7 26. Ne4 Nxd3 27. Rxd3 Kxg6 28. Rg3+ Kh6 29. Rf6+ Kh7 30. Ng5+ Kg8 31. h4 Bd7 32. Re3 Re8 33. Kf2 Rge7 34. Nf3 Kg7 35. Rd6 Bg4 36. Kg3 Bf5 37. Ng5 Bxc2 38. Ne4 Bxe4 39. Rxe4 Rf8 40. h5 Kh7 41. Kh4 Rg7 42. g4 Rf2 43. Kg3 Rxb2 44. Rxe5 Rxa2 45. g5 Ra3+ 46. Kf4 Ra4+ 47. Kf5 Rf7+ 48. Ke6 Rg7 49. Kf6 Rf4+ 50. Rf5 Rg4 51. h6 Rc7 52. Re5 Rf4+ 53. Rf5 Rg4 54. Re6 Rd7 55. Rfe5 Rf4+ 56. Rf5 Rg4 57. Re7+ Rxe7 58. Kxe7 Kg6 0-1


[Site "https://www.chess.com"]

[Event "Titled Tuesday Blitz February 21 Late 2023"]
[White "Guzman Moneo, Alberto"]
[Black "Bon, Michael"]
[WhiteFideId "2209616"]
[BlackFideId "620696"]
[WhiteElo "2170"]
[BlackElo "2394"]
[Result "1-0"]
[Round "02"]
[TimeControl "180+2"]
[Date "2023.02.21"]
[WhiteClock "0:00:49"]
[BlackClock "0:00:06"]

1. e4 c5 2. Nc3 Nc6 3. Bb5 e6 4. Bxc6 bxc6 5. f4 d5 6. Nf3 Nf6 7. d3 Be7 8. O-O Ba6 9. Re1 O-O 10. b3 c4 11. bxc4 dxc4 12. e5 Nd5 13. Nxd5 Qxd5 14. d4 c5 15. c3 cxd4 16. Nxd4 Bc5 17. Be3 Rfd8 18. Qg4 g6 19. Rad1 Rab8 20. Rd2 Qe4 21. Bf2 Rb1 22. Rxb1 Qxb1+ 23. Rd1 Qxa2 24. h4 Bb7 25. h5 Be4 26. hxg6 hxg6 27. Qg5 Rb8 28. Re1 Rb1 29. Rxb1 Qxb1+ 30. Kh2 Qb7 31. Bh4 Bf8 32. f5 exf5 33. e6 a5 34. e7 Bxe7 35. Qxe7 Bxg2 36. Qd8+ Kh7 37. Bf6 1-0


[Site "https://www.chess.com"]

[Event "Titled Tuesday Blitz February 21 Late 2023"]
[White "rikchessmx"]
[Black "Mortazavi, Ali"]
[BlackFideId "401323"]
[WhiteElo "2290"]
[BlackElo "2333"]
[Result "0-1"]
[Round "02"]
[TimeControl "180+2"]
[Date "2023.02.21"]
[WhiteClock "0:01:30"]
[BlackClock "0:00:41"]

1. e4 c6 2. d4 d5 3. Nc3 dxe4 4. Nxe4 Nf6 5. Ng5 Bf5 6. N1f3 h6 7. Nh3 Bxh3 8. gxh3 e6 9. Bg2 g6 10. c3 Nbd7 11. Be3 Qc7 12. Qd2 Nd5 13. O-O-O b5 14. Kb1 Bd6 15. h4 h5 16. Ng5 N7b6 17. Qe2 Nc4 18. Bc1 O-O 19. Rd3 Rab8 20. b3 b4 21. cxb4 Nxb4 22. Rc3 Nb6 23. Nxe6 fxe6 24. Qxe6+ Kh8 25. Qxg6 Qh7 26. Qxh7+ Kxh7 27. a3 N4d5 28. Rxc6 Rxf2 29. Be4+ Kh8 30. Rxd6 Nc3+ 31. Ka1 Ra2# 0-1


[Site "https://www.chess.com"]

[Event "Titled Tuesday Blitz February 21 Late 2023"]
[White "Vega Gutierrez, Sabrina"]
[Black "Liu, Casper"]
[WhiteFideId "2219026"]
[BlackFideId "1454153"]
[WhiteElo "2377"]
[BlackElo "2278"]
[Result "1-0"]
[Round "02"]
[TimeControl "180+2"]
[Date "2023.02.21"]
[WhiteClock "0:00:14"]
[BlackClock "0:00:16"]

1. e4 c6 2. d4 d5 3. e5 Bf5 4. Nd2 e6 5. Nb3 Nd7 6. Nf3 Ne7 7. Be2 c5 8. c3 Nc6 9. O-O c4 10. Nbd2 b5 11. a3 Be7 12. Ne1 O-O 13. g4 Bg6 14. Ng2 a5 15. f4 f5 16. Ne3 fxg4 17. Bxg4 Bf5 18. Bxf5 exf5 19. Nxd5 b4 20. axb4 axb4 21. Rxa8 Qxa8 22. Nxc4 Bh4 23. Nce3 Qe8 24. cxb4 Qg6+ 25. Kh1 Rc8 26. b5 Ne7 27. Nxe7+ Bxe7 28. Qd3 Qb6 29. Nxf5 Qb7+ 30. Qf3 Qxf3+ 31. Rxf3 Rxc1+ 32. Kg2 Rc2+ 33. Kg3 Bf8 34. Rb3 g6 35. Ne3 Rd2 36. b6 Rxd4 37. Nc2 Rc4 38. Ne3 Rc8 39. Nd5 Bc5 40. Rc3 Rb8 41. e6 Nxb6 42. Rxc5 Nxd5 43. Rxd5 Rxb2 44. Rd8+ Kg7 45. e7 Rb3+ 46. Kf2 Rb2+ 47. Ke3 Rb3+ 48. Ke4 Rb4+ 49. Kd5 Rb5+ 50. Kc6 Ra5 51. e8=Q Ra6+ 52. Kb7 Kh6 53. Qf8+ Kh5 54. Rd5+ g5 55. Rxg5+ Kh4 56. Kxa6 h5 57. Qh6 Kh3 58. Qxh5# 1-0


[Site "https://www.chess.com"]

[Event "Titled Tuesday Blitz February 21 Late 2023"]
[White "Prieto Aranguren, Alain"]
[Black "Kleiman, Jake"]
[WhiteFideId "2268906"]
[BlackFideId "2020041"]
[WhiteElo "2258"]
[BlackElo "2399"]
[Result "1-0"]
[Round "02"]
[TimeControl "180+2"]
[Date "2023.02.21"]
[WhiteClock "0:00:25"]
[BlackClock "0:01:22"]

1. d4 Nf6 2. c4 c5 3. d5 b5 4. cxb5 a6 5. b6 g6 6. Nc3 d6 7. Qb3 Bb7 8. a4 a5 9. e4 Nbd7 10. Bb5 Bg7 11. Bc6 Qb8 12. Qb5 Qc8 13. Ra3 O-O 14. Rb3 Ne5 15. Bxb7 Qxb7 16. f4 c4 17. fxe5 cxb3 18. exf6 exf6 19. Qc6 Qe7 20. Nf3 f5 21. Bg5 f6 22. Bf4 fxe4 23. Bxd6 Qe8 24. Nd4 f5 25. Ne6 Qf7 26. Nxg7 Rae8 27. Nxe8 Rxe8 28. b7 f4 29. Qxe8+ 1-0


[Site "https://www.chess.com"]

[Event "Titled Tuesday Blitz February 21 Late 2023"]
[White "Zochowski, Kacper"]
[Black "Gamage, Wanshini Vidusama"]
[WhiteFideId "1125494"]
[BlackFideId "9953752"]
[WhiteElo "2262"]
[BlackElo "1089"]
[Result "1-0"]
[Round "02"]
[TimeControl "180+2"]
[Date "2023.02.21"]
[WhiteClock "0:00:19"]
[BlackClock "0:00:05"]

1. Nf3 Nf6 2. c4 g6 3. b3 Bg7 4. Bb2 Kf8 5. g3 h5 6. h4 c6 7. Bg2 d5 8. O-O Kg8 9. Nc3 Ne4 10. Qc1 Nxc3 11. Bxc3 Bxc3 12. Qxc3 f6 13. Rac1 Kg7 14. cxd5 cxd5 15. Nd4 e5 16. Nb5 Nc6 17. f4 a6 18. Na3 e4 19. Nc2 Bg4 20. Rfe1 Rc8 21. Nd4 Qb6 22. e3 Nxd4 23. Qxd4 Qxd4 24. exd4 Kf7 25. Bf1 Ke6 26. Rc5 Kd6 27. Rec1 b6 28. R5c3 Rxc3 29. dxc3 b5 30. Kf2 Rc8 31. Ke3 Bd7 32. c4 bxc4 33. bxc4 dxc4 34. Rxc4 Rb8 35. Rc5 Bb5 36. Bxb5 axb5 37. Kxe4 Ra8 38. Rxb5 Rxa2 39. f5 g5 40. hxg5 fxg5 41. Rb6+ Ke7 42. Rg6 h4 43. Rxg5 h3 44. Rh5 h2 45. g4 Kf6 46. Kf4 Rf2+ 47. Kg3 Rd2 48. Rxh2 Rd3+ 49. Kh4 Rxd4 50. Re2 Kf7 51. Re6 Rd3 52. Kg5 Rg3 53. Ra6 Ra3 54. Rxa3 1-0


[Site "https://www.chess.com"]

[Event "Titled Tuesday Blitz February 21 Late 2023"]
[White "Stachanczyk, Jacek"]
[Black "Mazurkiewicz, Michal"]
[WhiteFideId "1116657"]
[BlackFideId "1124943"]
[WhiteElo "2147"]
[BlackElo "2145"]
[Result "0-1"]
[Round "02"]
[TimeControl "180+2"]
[Date "2023.02.21"]
[WhiteClock "0:00:18"]
[BlackClock "0:00:16"]

1. e4 d6 2. d4 Nf6 3. Nc3 c6 4. f4 Qb6 5. Be2 e5 6. Nf3 Nbd7 7. O-O Be7 8. Kh1 O-O 9. a3 Re8 10. Be3 Qc7 11. Qe1 Ng4 12. Bg1 exf4 13. Bc4 b5 14. Ba2 Nb6 15. e5 dxe5 16. Nxe5 Nxe5 17. dxe5 Bf6 18. Rxf4 Qxe5 19. Qg3 Be6 20. Bd4 Qg5 21. Bxe6 Rxe6 22. Rg4 Qh6 23. Bxf6 Rxf6 24. Re1 Nc4 25. h3 Rg6 26. Rxg6 Qxg6 27. Qc7 Qd6 28. Qxd6 Nxd6 29. Re7 Kf8 30. Rc7 Rc8 31. Rxa7 Nc4 32. b3 Ne3 33. Ne4 Rd8 34. c3 Rd1+ 35. Kh2 Nf1+ 36. Kg1 Ng3+ 37. Kf2 Nxe4+ 38. Ke3 Nxc3 39. Rc7 Nd5+ 40. Ke4 Nxc7 0-1


[Site "https://www.chess.com"]

[Event "Titled Tuesday Blitz February 21 Late 2023"]
[White "Le Goff, Ronan"]
[Black "Lorenzo De La Riva, Lazaro"]
[WhiteFideId "612073"]
[BlackFideId "2268809"]
[WhiteElo "2320"]
[BlackElo "2404"]
[Result "0-1"]
[Round "02"]
[TimeControl "180+2"]
[Date "2023.02.21"]
[WhiteClock "0:00:19"]
[BlackClock "0:00:11"]

1. d4 Nf6 2. Nf3 d6 3. Nbd2 Nc6 4. e4 e5 5. c3 Qe7 6. d5 Nb8 7. Be2 g6 8. O-O Bg7 9. c4 O-O 10. b4 a5 11. bxa5 c5 12. Nb3 Nxe4 13. Qc2 Nf6 14. Bb2 Bf5 15. Qd2 Ne4 16. Qe3 Nf6 17. Rfe1 Na6 18. a3 Qd7 19. Nfd2 Ng4 20. Qg3 h5 21. h3 Nh6 22. Bd3 h4 23. Qe3 Bxd3 24. Qxd3 f5 25. Qc2 Rae8 26. Nf3 Bf6 27. Qd2 Nf7 28. Rab1 g5 29. Nh2 Nh8 30. Nc1 Qh7 31. Ne2 Rf7 32. Bc3 Bd8 33. Kh1 Ng6 34. Ng1 Nf4 35. Qc2 Qh5 36. Bd2 Ng6 37. Ngf3 g4 38. Ng1 e4 39. f3 gxh3 40. Nxh3 Rfe7 41. fxe4 fxe4 42. Nf4 Nxf4 43. Bxf4 e3 44. Bxd6 Rg7 45. Rb3 Bg5 46. Nf3 h3 47. Bh2 hxg2+ 48. Qxg2 Bh4 49. Rg1 Rxg2 50. Rxg2+ Kh7 51. Ng1 e2 52. Rh3 e1=Q 53. Bg3 Qe4 54. Bxh4 Qhxh4 55. Rxh4+ Qxh4+ 56. Rh2 Qxh2+ 57. Kxh2 Re4 58. Nf3 Rxc4 59. d6 Rc3 60. d7 Rd3 61. Ne5 Rd5 62. Kg3 Nb8 63. Kf4 Rxd7 64. Nxd7 Nxd7 65. Ke4 Kg7 66. Kd5 Kf7 67. Kd6 Ke8 68. Kc7 c4 69. Kxb7 c3 70. a6 Nc5+ 71. Kb6 Nxa6 72. Kxa6 c2 73. a4 c1=Q 74. a5 Qc8+ 75. Ka7 Qc7+ 76. Ka8 Qxa5+ 0-1


[Site "https://www.chess.com"]

[Event "Titled Tuesday Blitz February 21 Late 2023"]
[White "Jenkins, Drake"]
[Black "ArturoCaceres"]
[WhiteFideId "2022397"]
[WhiteElo "2130"]
[BlackElo "2405"]
[Result "1-0"]
[Round "02"]
[TimeControl "180+2"]
[Date "2023.02.21"]
[WhiteClock "0:00:13"]
[BlackClock "0:00:07"]

1. Nf3 Nf6 2. c4 e6 3. g3 d5 4. Bg2 c6 5. O-O Be7 6. d3 O-O 7. Nbd2 d4 8. a3 c5 9. b4 cxb4 10. axb4 Bxb4 11. Bb2 Nc6 12. Nb3 e5 13. Qc2 Bf5 14. Ra4 a5 15. Ba3 e4 16. Nh4 exd3 17. exd3 Bd7 18. Bb2 Re8 19. Raa1 Qb6 20. c5 Qb5 21. Rfc1 Rac8 22. Nxd4 Nxd4 23. Bxd4 Ng4 24. Qc4 Qxc4 25. Rxc4 Bb5 26. Rcc1 Bc6 27. Nf5 Bxg2 28. Kxg2 Re2 29. h3 Ne5 30. Ne7+ Kf8 31. Nxc8 Nxd3 32. Rd1 Ne1+ 33. Kf1 Re6 34. Rxe1 Bxe1 35. Rxe1 Rc6 36. Nb6 g6 37. Nd7+ Kg8 38. Re8# 1-0


[Site "https://www.chess.com"]

[Event "Titled Tuesday Blitz February 21 Late 2023"]
[White "Buscar, Michael"]
[Black "Hajiyev, Kanan"]
[WhiteFideId "2603616"]
[BlackFideId "13404148"]
[WhiteElo "2041"]
[BlackElo "2197"]
[Result "1-0"]
[Round "02"]
[TimeControl "180+2"]
[Date "2023.02.21"]
[WhiteClock "0:00:11"]
[BlackClock "0:00:17"]

1. Nf3 Nf6 2. g3 b5 3. Bg2 Bb7 4. a4 b4 5. a5 c5 6. d4 c4 7. c3 b3 8. O-O g6 9. Bg5 Ne4 10. Nbd2 Nxg5 11. Nxg5 Bxg2 12. Kxg2 Bh6 13. Nge4 d5 14. Nc5 Nd7 15. Nxd7 Qxd7 16. f4 O-O 17. e4 e6 18. e5 f6 19. Nf3 Bg7 20. Re1 f5 21. h3 Rfb8 22. g4 Bh6 23. g5 Bg7 24. h4 h5 25. gxh6 Bxh6 26. Ng5 Bxg5 27. hxg5 Kg7 28. Rh1 Rh8 29. Qf3 Qb5 30. Rh6 Rag8 31. Qh3 Qe8 32. a6 Rxh6 33. Qxh6+ Kf7 34. Rh1 Qc8 35. Qh7+ Rg7 36. Qh8 Qg8 37. Rh6 Kf8 38. Kf2 Kf7 39. Ke3 Kf8 40. Kd2 Kf7 41. Kc1 Kf8 42. Kd2 Kf7 43. Rh4 Qf8 44. Rh7 Rxh7 45. Qxh7+ Qg7 46. Qh1 Kg8 47. Qh2 Qh7 48. Qg1 Qh3 49. Qf2 Qd3+ 50. Kc1 Kg7 51. Qh2 Kf7 52. Qh7+ Ke8 53. Qxg6+ Kd7 54. Qf7+ Kd8 55. Qf6+ Kc7 56. Qe7+ Kb6 57. Qb7+ Ka5 58. Qb4+ Kxa6 59. Qd6+ Kb7 60. Qe7+ Kb6 61. Qxe6+ Kc7 62. Qe7+ Kb6 63. Qd6+ Kb7 64. Qxd5+ Kc7 65. Qc5+ Kd7 66. Qxa7+ Ke8 67. Qb8+ Kf7 68. Qc7+ Kg6 69. Qc6+ Kh5 70. Qh1+ Kg4 71. Qd1+ Kxf4 72. Qxd3 cxd3 73. Kd2 Kxg5 74. Kxd3 Kg6 75. d5 f4 76. Ke4 f3 77. Kxf3 Kf5 78. e6 Kf6 79. c4 1-0


[Site "https://www.chess.com"]

[Event "Titled Tuesday Blitz February 21 Late 2023"]
[White "Mikhalsky, Vladimir"]
[Black "Arvelo Leo, Gian Carlo"]
[WhiteFideId "14144352"]
[BlackFideId "6402720"]
[WhiteElo "2219"]
[BlackElo "2075"]
[Result "1-0"]
[Round "02"]
[TimeControl "180+2"]
[Date "2023.02.21"]
[WhiteClock "0:00:06"]
[BlackClock "0:00:21"]

1. d4 Nf6 2. c4 g6 3. f3 Bg7 4. e4 d6 5. Nc3 O-O 6. Be3 Nbd7 7. Qd2 c5 8. Nge2 a6 9. d5 Ne5 10. Nc1 e6 11. a4 exd5 12. cxd5 Bd7 13. a5 b5 14. axb6 Qxb6 15. Be2 Rfb8 16. Ra2 a5 17. O-O a4 18. h3 Qb4 19. Nd3 Nc4 20. Nxb4 Nxd2 21. Nc6 Nxf1 22. Bxf1 Rb4 23. Nxb4 cxb4 24. Nb5 Bxb5 25. Bxb5 a3 26. Bd2 Nxd5 27. exd5 Rb8 28. Bc4 axb2 29. Bd3 Rc8 30. Bxb4 Rc1+ 31. Kh2 Be5+ 32. g3 Rd1 33. Be4 f5 34. Bc2 Rc1 35. Bd3 Rd1 36. Bc2 b1=Q 37. Bxb1 Rxb1 38. Ra8+ Kg7 39. Ra7+ Kf6 40. Ba5 Rb2+ 41. Kh1 Rb1+ 42. Kg2 Rb2+ 43. Kh1 Bxg3 44. Bd8+ Ke5 45. Rxh7 Rb1+ 46. Kg2 f4 47. h4 Kxd5 48. Kh3 Ke5 49. Kg4 Rg1 50. Re7+ Kd5 51. Kg5 Bf2+ 52. Kxf4 Bxh4 53. Rd7 Bxd8 54. Rxd8 Ke6 55. Re8+ Kd7 56. Rf8 Ke7 57. Rc8 Ke6 58. Ra8 Kd5 59. Ke3 Re1+ 60. Kf2 Re5 61. Ra5+ Ke6 62. Ra6 Rd5 63. Ra8 Kf5 64. Rf8+ Ke6 65. Rd8 Ke7 66. Rg8 Rg5 67. Rb8 Ke6 68. Rb7 d5 69. Ke3 Ke5 70. f4+ Kf6 71. fxg5+ Kxg5 72. Rd7 Kf6 73. Rxd5 Ke6 74. Ra5 Kf6 75. Kf4 1-0


[Site "https://www.chess.com"]

[Event "Titled Tuesday Blitz February 21 Late 2023"]
[White "Pein, Jonathan"]
[Black "Zampronha, Wladimir Camilo"]
[WhiteFideId "417092"]
[BlackFideId "2103087"]
[WhiteElo "2265"]
[BlackElo "2176"]
[Result "0-1"]
[Round "02"]
[TimeControl "180+2"]
[Date "2023.02.21"]
[WhiteClock "0:00:32"]
[BlackClock "0:01:37"]

1. e4 c5 2. Nf3 e6 3. d4 cxd4 4. Nxd4 Nc6 5. Nc3 Qc7 6. Nxc6 bxc6 7. Bd3 d5 8. O-O Nf6 9. Qf3 Be7 10. Bf4 Qb6 11. b3 O-O 12. Rad1 Ba6 13. Na4 Qb7 14. exd5 cxd5 15. c4 Rac8 16. Qg3 dxc4 17. bxc4 Bxc4 18. Bh6 g6 19. Bxf8 Bxf8 20. Bxc4 Rxc4 21. Qb3 Rb4 22. Qf3 Qxf3 23. gxf3 Rxa4 24. Rd8 Kg7 25. Rd2 Bb4 26. Rd4 a5 27. Rc1 Rxa2 28. Rc7 Nd5 29. Ra7 Bc5 30. Rxd5 exd5 31. Rc7 Rc2 32. Re7 a4 0-1


[Site "https://www.chess.com"]

[Event "Titled Tuesday Blitz February 21 Late 2023"]
[White "Aspire_ie"]
[Black "Bambino Filho, Antonio Carlos"]
[BlackFideId "2113163"]
[WhiteElo "2261"]
[BlackElo "2144"]
[Result "0-1"]
[Round "02"]
[TimeControl "180+2"]
[Date "2023.02.21"]
[WhiteClock "0:00:01"]
[BlackClock "0:02:02"]

1. e4 c5 2. c4 Nc6 3. Nc3 g6 4. g3 Bg7 5. Bg2 d6 6. Nge2 Nf6 7. O-O O-O 8. a3 Ne8 9. Rb1 Nc7 10. b4 Ne6 11. d3 Ned4 12. b5 Nxe2+ 13. Nxe2 Nd4 14. Nxd4 Bxd4 15. Bb2 Bxb2 16. Rxb2 Qa5 17. Ra2 a6 18. bxa6 Rxa6 19. Qc1 b6 20. f4 Bd7 21. f5 b5 22. f6 exf6 23. Rxf6 Be6 24. Raf2 bxc4 25. dxc4 Qxa3 26. Qh6 Qa1+ 27. Rf1 Qd4+ 28. Kh1 Ra1 29. Rxa1 Qxa1+ 30. Rf1 Qe5 31. Qc1 Qd4 32. Qc2 Qxc4 33. Qd2 Qd4 34. Qxd4 cxd4 35. Rd1 Rb8 36. h4 Rb4 0-1


[Site "https://www.chess.com"]

[Event "Titled Tuesday Blitz February 21 Late 2023"]
[White "CheckBits"]
[Black "Comas Fabrego, Lluis"]
[BlackFideId "2200325"]
[WhiteElo "2452"]
[BlackElo "2424"]
[Result "1-0"]
[Round "02"]
[TimeControl "180+2"]
[Date "2023.02.21"]
[WhiteClock "0:01:05"]
[BlackClock "0:00:43"]

1. d4 Nf6 2. Nf3 g6 3. Bg5 Bg7 4. Nbd2 d5 5. e3 O-O 6. c4 c5 7. Rc1 cxd4 8. Nxd4 h6 9. Bh4 Qa5 10. cxd5 Nxd5 11. Bc4 g5 12. Bg3 e5 13. Nb5 Nb6 14. Nc7 Nxc4 15. Rxc4 Rd8 16. Nxa8 Be6 17. Ra4 Qd5 18. Nc7 Qc6 19. Nxe6 1-0


[Site "https://www.chess.com"]

[Event "Titled Tuesday Blitz February 21 Late 2023"]
[White "Chabris, Christopher"]
[Black "Becerra, Juan David"]
[WhiteFideId "2005263"]
[BlackFideId "4404998"]
[WhiteElo "2053"]
[BlackElo "2382"]
[Result "0-1"]
[Round "02"]
[TimeControl "180+2"]
[Date "2023.02.21"]
[WhiteClock "0:00:01"]
[BlackClock "0:01:19"]

1. e4 e5 2. Nf3 Nc6 3. Bb5 f5 4. d3 fxe4 5. dxe4 d6 6. c4 Be7 7. Nc3 Nf6 8. Nd5 Be6 9. Qe2 O-O 10. Bxc6 bxc6 11. Nxe7+ Qxe7 12. h3 h6 13. b3 a5 14. Bb2 c5 15. Nd2 a4 16. O-O Qf7 17. f4 exf4 18. Rxf4 axb3 19. axb3 Rxa1+ 20. Bxa1 Qg6 21. Qf3 Nd7 22. Rxf8+ Nxf8 23. e5 Qc2 24. Nf1 Ng6 25. exd6 cxd6 26. Qg3 Bf5 27. Qxd6 Bd3 28. Qxc5 Qb1 29. Qd4 Qxf1+ 30. Kh2 Qf4+ 31. Qxf4 Nxf4 32. Kg3 Ne2+ 33. Kf3 Nc1 34. Ke3 Bf1 35. b4 Bxc4 36. Bd4 Bd5 37. g3 Kf7 38. b5 g5 39. b6 Nb3 0-1


[Site "https://www.chess.com"]

[Event "Titled Tuesday Blitz February 21 Late 2023"]
[White "ArchibaldCerveza29"]
[Black "Huang, Alex"]
[BlackFideId "4302508"]
[WhiteElo "2503"]
[BlackElo "2009"]
[Result "1-0"]
[Round "02"]
[TimeControl "180+2"]
[Date "2023.02.21"]
[WhiteClock "0:00:10"]
[BlackClock "0:00:15"]

1. e4 d6 2. d4 Nf6 3. Nc3 g6 4. f4 Bg7 5. Nf3 O-O 6. e5 dxe5 7. fxe5 Nd5 8. Bc4 Nb6 9. Bb3 a5 10. a4 c5 11. Be3 Nc6 12. dxc5 Nd7 13. e6 fxe6 14. Bxe6+ Kh8 15. O-O Nde5 16. Bd5 Bg4 17. h3 Nxf3+ 18. Bxf3 Bf5 19. Bxc6 bxc6 20. Qe2 Qb8 21. Rab1 Qb4 22. Rf4 Qb7 23. Rf3 e5 24. Bf2 Rab8 25. Ne4 Qb4 26. Ng5 Qxa4 27. Rf1 h6 28. Rxf5 Rxf5 29. Ne6 Qb5 30. Qe3 Re8 31. Nc7 Qb8 32. Nxe8 Qxe8 33. Rd1 Bf8 34. Rd3 Qe7 35. Qd2 e4 36. Rd7 Qf6 37. Bd4 Rf1+ 38. Kh2 e3 39. Bxf6+ Rxf6 40. Qd4 Bg7 41. Qc4 Kh7 42. Rd8 Bf8 43. Rd7+ Kh8 44. Qe4 e2 45. Qxe2 Bg7 46. Qe8+ Kh7 47. Qe7 Rf7 48. Qxf7 1-0


[Site "https://www.chess.com"]

[Event "Titled Tuesday Blitz February 21 Late 2023"]
[White "Jimenez Garcia, Emmanuel"]
[Black "Bach, Matthias"]
[WhiteFideId "6504779"]
[BlackFideId "4603168"]
[WhiteElo "2410"]
[BlackElo "2214"]
[Result "0-1"]
[Round "02"]
[TimeControl "180+2"]
[Date "2023.02.21"]
[WhiteClock "0:00:29"]
[BlackClock "0:00:40"]

1. Nf3 c5 2. c4 e6 3. g3 d5 4. cxd5 exd5 5. Bg2 Nc6 6. O-O Nf6 7. d4 Be7 8. dxc5 Bxc5 9. Nc3 d4 10. Na4 Bb6 11. Bg5 O-O 12. Rc1 h6 13. Bxf6 Qxf6 14. Nxb6 axb6 15. Qb3 Re8 16. Rfe1 h5 17. a3 Re6 18. Qxb6 Ne5 19. Qc7 d3 20. Red1 dxe2 21. Rd8+ Kh7 22. Ne1 Re7 23. Qc2+ Bf5 24. Qxe2 Rxd8 25. Qxh5+ Kg8 26. h3 Nd3 27. Nxd3 Bxd3 28. Qg4 Be2 29. Qb4 Ree8 30. Bxb7 Bf3 31. Ba6 Qh6 32. Bf1 0-1


[Site "https://www.chess.com"]

[Event "Titled Tuesday Blitz February 21 Late 2023"]
[White "Ardila, Oscar Humberto"]
[Black "Koutlas, Nikolaos"]
[WhiteFideId "4404742"]
[BlackFideId "25827138"]
[WhiteElo "1982"]
[BlackElo "2341"]
[Result "0-1"]
[Round "02"]
[TimeControl "180+2"]
[Date "2023.02.21"]
[WhiteClock "0:00:08"]
[BlackClock "0:00:29"]

1. d4 Nf6 2. c4 e6 3. Nc3 a6 4. Nf3 Bb4 5. Qc2 b5 6. Bg5 bxc4 7. e4 Bb7 8. e5 h6 9. Bh4 g5 10. Nxg5 hxg5 11. Bxg5 Be7 12. exf6 Bxf6 13. Be3 d5 14. Be2 Nc6 15. O-O-O Nb4 16. Qa4+ Nc6 17. g3 Qd7 18. h4 a5 19. h5 Ne7 20. Qxd7+ Kxd7 21. g4 Rag8 22. f4 Kc8 23. Rdg1 c5 24. Nb5 cxd4 25. Bxd4 Bxd4 26. Nxd4 Nc6 27. Nxc6 Bxc6 28. g5 d4 29. Rh2 Bd5 30. h6 Kd7 31. Bh5 Ke7 32. Kd2 Be4 33. Bd1 Rb8 34. Kc1 c3 35. bxc3 Rb1+ 36. Kd2 Rb2+ 37. Ke1 Rxh2 38. cxd4 Rb8 39. Rf1 Rb1 40. d5 Bc2 41. Rf2 Rxd1+ 0-1


[Site "https://www.chess.com"]

[Event "Titled Tuesday Blitz February 21 Late 2023"]
[White "Buchenau, Frank"]
[Black "De Souza, Cristiano Gomes"]
[WhiteFideId "4604350"]
[BlackFideId "2151758"]
[WhiteElo "2222"]
[BlackElo "2018"]
[Result "1-0"]
[Round "02"]
[TimeControl "180+2"]
[Date "2023.02.21"]
[WhiteClock "0:00:57"]
[BlackClock "0:01:08"]

1. e4 c5 2. Nf3 d6 3. Bb5+ Bd7 4. Bxd7+ Qxd7 5. c4 Nc6 6. Nc3 g6 7. d4 cxd4 8. Nxd4 Bg7 9. Be3 Nf6 10. f3 O-O 11. O-O a5 12. Ndb5 Ne5 13. b3 Ne8 14. Nd5 Ra6 15. Rc1 e6 16. Nb6 Qc6 17. Na4 Nc7 18. f4 Nd7 19. Qe2 Nc5 20. Nxc5 dxc5 21. e5 Rb6 22. Nd6 Rd8 23. Rfd1 Bf8 24. Qf2 Na6 25. Nb5 Rxd1+ 26. Rxd1 Qe8 27. Qd2 Nb4 28. a3 Nc6 29. Qd7 Qxd7 30. Rxd7 Nd4 31. Rd8 Kg7 32. Bxd4 cxd4 33. Kf2 a4 34. b4 Rc6 35. c5 b6 36. Nxd4 Rc7 37. c6 Be7 38. Rd7 Rxd7 39. cxd7 Bd8 40. Nc6 1-0


[Site "https://www.chess.com"]

[Event "Titled Tuesday Blitz February 21 Late 2023"]
[White "Mendez Machado, Andre"]
[Black "Kochetov, Andrey"]
[WhiteFideId "6603793"]
[BlackFideId "24130532"]
[WhiteElo "1974"]
[BlackElo "2165"]
[Result "0-1"]
[Round "02"]
[TimeControl "180+2"]
[Date "2023.02.21"]
[WhiteClock "0:00:03"]
[BlackClock "0:00:05"]

1. e4 c5 2. Nc3 Nc6 3. Bb5 Nd4 4. Nf3 e6 5. O-O a6 6. Bd3 Nc6 7. Nd5 g6 8. Re1 Bg7 9. c3 Nf6 10. Bc2 O-O 11. Nxf6+ Bxf6 12. d4 cxd4 13. cxd4 d6 14. Bh6 Re8 15. h4 b5 16. e5 Bh8 17. Be4 Bb7 18. Rc1 Rc8 19. Ng5 dxe5 20. Qf3 f5 21. Bxc6 Rxc6 22. Rxc6 Qa8 23. Rec1 e4 24. Qc3 Bxc6 25. Qxc6 Qxc6 26. Rxc6 Bxd4 27. Rxe6 Ra8 28. Re7 Bxb2 29. Rxh7 a5 30. Rb7 b4 31. Ne6 Bc3 32. Nf4 a4 33. Nxg6 b3 34. a3 Bf6 35. Nf4 Ra6 36. Bg5 Be5 37. Nd5 Bd4 38. h5 Rc6 39. h6 Be5 40. h7+ Kh8 41. Nf4 b2 42. Nd5 Rc1+ 43. Bxc1 bxc1=Q# 0-1


[Site "https://www.chess.com"]

[Event "Titled Tuesday Blitz February 21 Late 2023"]
[White "Krstulovic, Alex"]
[Black "Hartikainen, Jarmo"]
[WhiteFideId "760056"]
[BlackFideId "503134"]
[WhiteElo "2428"]
[BlackElo "2108"]
[Result "1-0"]
[Round "02"]
[TimeControl "180+2"]
[Date "2023.02.21"]
[WhiteClock "0:02:31"]
[BlackClock "0:00:54"]

1. e4 c5 2. Nf3 e6 3. c3 d5 4. e5 d4 5. Bd3 Nc6 6. O-O h5 7. Re1 h4 8. h3 Be7 9. Na3 a6 10. cxd4 Nxd4 11. Be4 Nh6 12. d3 Nhf5 13. Nxd4 Nxd4 14. Qg4 g6 15. Be3 Nf5 16. Rac1 Nxe3 17. Rxe3 Bg5 18. f4 Qd4 19. Nc4 b5 20. Nd6+ Kd7 21. Re1 Ra7 22. fxg5 1-0


[Site "https://www.chess.com"]

[Event "Titled Tuesday Blitz February 21 Late 2023"]
[White "Garrido, Denis"]
[Black "Hernandez Sanchez, Elvis De La Caridad"]
[WhiteFideId "601217"]
[BlackFideId "6400353"]
[WhiteElo "2205"]
[BlackElo "2243"]
[Result "1/2-1/2"]
[Round "02"]
[TimeControl "180+2"]
[Date "2023.02.21"]
[WhiteClock "0:00:46"]
[BlackClock "0:00:24"]

1. c4 Nf6 2. Nc3 g6 3. d4 Bg7 4. Nf3 O-O 5. Bf4 c5 6. e3 cxd4 7. exd4 d5 8. c5 Ne4 9. Qb3 Nxc3 10. Qxc3 Nc6 11. Bb5 Nxd4 12. Nxd4 e5 13. O-O exf4 14. Rad1 Qg5 15. Kh1 h5 16. b4 h4 17. h3 a6 18. Ba4 Bf5 19. Bb3 Rad8 20. Rfe1 f3 21. Qxf3 Be4 22. Qg4 Qxg4 23. hxg4 Rfe8 24. f3 Bd3 25. Rxe8+ Rxe8 26. Rxd3 Re1+ 27. Kh2 Be5+ 28. g3 Bxg3+ 29. Kg2 Rb1 30. Rd2 Bf4 31. Re2 Kg7 32. c6 bxc6 33. Nxc6 h3+ 34. Kxh3 Rh1+ 35. Kg2 Rh2+ 36. Kf1 Rh1+ 37. Kf2 Rh2+ 38. Kf1 Rh1+ 39. Kg2 Rh2+ 40. Kf1 1/2-1/2


[Site "https://www.chess.com"]

[Event "Titled Tuesday Blitz February 21 Late 2023"]
[White "Arencibia Monduy, Antonio"]
[Black "Dylag, Emilia"]
[WhiteFideId "3507939"]
[BlackFideId "21805172"]
[WhiteElo "2122"]
[BlackElo "2095"]
[Result "1-0"]
[Round "02"]
[TimeControl "180+2"]
[Date "2023.02.21"]
[WhiteClock "0:01:35"]
[BlackClock "0:01:24"]

1. e4 e5 2. Bc4 Nf6 3. d3 c6 4. Nf3 Qc7 5. O-O d5 6. Bb3 Bd6 7. Re1 O-O 8. Nbd2 Bg4 9. h3 Bh5 10. Nf1 Nbd7 11. Ng3 Bg6 12. Nh4 Rfe8 13. Qf3 Nc5 14. Bg5 Re6 15. exd5 cxd5 16. Bxd5 Nxd5 17. Qxd5 h6 18. Bd2 Rd8 19. Qf3 Rf6 20. Qe2 Bh7 21. Bc3 Re8 22. d4 Na4 23. Qb5 1-0


[Site "https://www.chess.com"]